 Dungeon Crawl Stone Soup version 0.21.0-3-g78d12a8 (webtiles) character file.

46 Fordwin the Ruffian (level 3, -2/31 HPs)
             Began as a Ghoul Monk on Jan 12, 2018.
             Killed by divine providence
             ... invoked by an orc priest
              (13 damage)
             ... on level 3 of the Dungeon.
             The game lasted 00:21:07 (2629 turns).

Fordwin the Ruffian (Ghoul Monk)                    Turns: 2629, Time: 00:21:07

Health: -2/31      AC:  3    Str: 15    XL:     3   Next: 68%
Magic:  2/2        EV: 12    Int:  5    God:
Gold:   114        SH:  0    Dex: 11    Spells: 2/2 levels left

rFire    . . .     SeeInvis .   b - +3 hunting sling (velocity)
rCold    + . .     Gourm    .   (no shield)
rNeg     + + +     Faith    .   k - +0 leather armour
rPois    ∞         Spirit   .   (no helmet)
rElec    .         Reflect  .   (no cloak)
rCorr    .         Harm     .   (no gloves)
MR       .....                  (no boots)
Stlth    ++........             (no amulet)
HPRegen  0.00/turn              e - ring of flight
MPRegen  0.08/turn              (no ring)

@: rotting
A: rotting body, claws 1, carnivore, cold resistance 1, negative energy
resistance 3, inhibited regeneration, torment resistance, unbreathing
a: Evoke Flight


You were on level 3 of the Dungeon.
You were not hungry.

You visited 1 branch of the dungeon, and saw 3 of its levels.

You collected 114 gold pieces.

Inventory:

Hand Weapons
 b - a +3 hunting sling of velocity (weapon)
Missiles
 c - 4 stones (quivered)
Armour
 h - a +0 robe
 k - a +0 leather armour (worn)
 l - a +0 leather armour
Jewellery
 e - a ring of flight (left claw)
Scrolls
 d - a scroll of remove curse {unknown}
 i - 5 scrolls of teleportation
 m - a scroll of enchant armour {unknown}
Potions
 a - a potion of curing
Comestibles
 j - a ration


   Skills:
 + Level 3.5 Fighting
 + Level 0.5 Slings
 + Level 0.7 Armour
 + Level 3.1 Dodging
 + Level 2.6 Stealth
 + Level 3.8 Unarmed Combat


You had 2 spell levels left.
You didn't know any spells.

Dungeon Overview and Level Annotations

Branches:
Dungeon (3/15)

Altars:


Innate Abilities, Weirdness & Mutations

Your body is rotting away.
You thrive on raw meat.
You are immune to poison.
You have sharp fingernails.
You are carnivorous and can eat meat at any time.
Your flesh is cold resistant. (rC+)
You are immune to negative energy. (rN+++)
You do not regenerate when monsters are visible.
You are immune to unholy pain and torment.
You can survive without breathing.


Message History

The stone hits the orc priest but does no damage.
The orc priest is moderately wounded.
The orc priest barely misses you. The orc closely misses you.
Firing (i - inventory):
c - 6 stones (quivered)
Press: ? - help, Shift-Dir - straight line, f/p - orc priest
Aim: an orc priest, wielding a hand axe (heavily wounded)
You shoot a stone.
The stone closely misses the orc priest.
The stone hits the orc priest.
The orc priest is moderately wounded.
The orc closely misses you. The orc priest hits you.
Firing (i - inventory):
c - 5 stones (quivered)
Press: ? - help, Shift-Dir - straight line, f/p - orc priest
Aim: an orc priest, wielding a hand axe (heavily wounded)
You shoot a stone. The stone hits the orc priest.
The orc priest is severely wounded.
The orc priest calls down the wrath of Beogh upon you.
Beogh smites you!
You die...

##..#.........)...........#
#....#.###.#...#####.....#
#.####.# #................
.. ..#####.........<.... .
###..................#
#.####.####.##.#.###
######. #..# #.##.#.# #
#......#####.###.##.#.# #
#.@.........# #. #
#o#########...#. #
#oo((...( # #..8...8. #
...)..... # #......... #
#......... #...8...8.
#.........


You could see 2 orc priests.

Vanquished Creatures
  An adder (D:2)
  2 dart slugs (D:1)
  A leopard gecko (D:2)
  3 orcs (D:3)
  3 giant cockroaches
  2 goblins
  3 hobgoblins
  3 jackals
  A ball python (D:2)
  2 bats
  2 frilled lizards (D:2)
  4 kobolds (D:1)
  3 rats
  A fungus (D:2)
31 creatures vanquished.

Notes
Turn   | Place    | Note
-------+----------+-------------------------------------------
     0 | D:1      | Fordwin the Ghoul Monk began the quest for the Orb.
     0 | D:1      | Reached XP level 1. HP: 19/19 MP: 0/0
   466 | D:1      | Reached XP level 2. HP: 26/26 MP: 1/1
  1425 | D:2      | Reached XP level 3. HP: 21/31 MP: 2/2
  2629 | D:3      | Killed from afar by an orc priest

Skill      XL: |  1  2 |
---------------+-------+-----
Dodging        | 3 |  3.1
Fighting       | |  3.5
Slings         | |  0.5
Armour         | |  0.7
Stealth        | |  2.6
Unarmed Combat | |  3.8

Action                   || total
-------------------------++-------
Melee: Unarmed           ||    83
       Hunting sling     ||     6
 Fire: Hunting sling     ||    48
Throw: Stone             ||     1
  Use: Potion            ||     8
       Scroll            ||     3
  Eat: Chunk             ||    13
       Ration            ||     2
Armor: Scale mail        ||    24
       Robe              ||     2
       Leather armour    ||    13
Dodge: Dodged            ||    83
